 Dungeon Crawl Stone Soup version 0.19.1 (webtiles) character file.

5474 Haldmier the Martial Artist (level 10, 0/49 HPs)
             Began as a Vine Stalker Transmuter on Dec 26, 2016.
             Was a Follower of Yredelemnul.
             Slain by Erica
             ... wielding a +3 scimitar of flaming
              (2 damage)
             ... on level 9 of the Dungeon.
             The game lasted 00:59:42 (9989 turns).

Haldmier the Martial Artist (VSTm)                  Turns: 9989, Time: 00:59:42

Health: 0/49       AC:  8    Str: 14    XL:     10   Next: 69%
Magic:  0/35       EV: 13    Int: 16    God:    Yredelemnul [*.....]
Gold:   526        SH:  8    Dex: 14    Spells: 5 memorised, 2 levels left

rFire  . . .     SeeInvis .       - Unarmed
rCold  . . .     Gourm    .     V - +0 troll leather armour
rNeg   . . .     Faith    .     o - +3 buckler
rPois  .         Spirit   +     y - +1 helmet
rElec  .         Reflect  .     P - +0 cloak (curse)
rCorr  .         Harm     .     M - +0 pair of gloves
MR     +....                    (boots currently unavailable)
Stlth  ++........               E - amulet of rage
                                n - ring of magical power
                                w - ring of magical power

@: appendage (expiring), very slightly contaminated, hasted and slowed
A: fangs 3, talons 3, regeneration 1, magic shield, antimagic bite, no device
heal 3, rot immunity
a: End Transformation, Animate Remains, Renounce Religion, Evoke Berserk Rage


You were on level 9 of the Dungeon.
You worshipped Yredelemnul.
Yredelemnul was aware of your devotion.
You were not hungry.
You had grown temporary talons.
You visited 2 branches of the dungeon, and saw 10 of its levels.

You collected 526 gold pieces.

Inventory:

Hand Weapons
 R - a +1 whip of electrocution
Missiles
 a - 78 arrows
 e - 299 stones
 j - 10 tomahawks (quivered)
 N - 2 javelins
Armour
 o - a +3 buckler (worn)
 y - a +1 helmet (worn)
 G - a +2 scale mail of cold resistance
 I - the +0 shield of Mirth {rC+ Slay+2}
   (You found it on level 4 of the Dungeon)

   It affects your accuracy and damage with ranged weapons and melee attacks
   (+2).
   It protects you from cold.
 M - a +0 pair of gloves (worn)
 P - a cursed +0 cloak (worn)
 Q - the +2 ring mail of Trial and Error {-Tele +Inv rPois Int-4}
   (You found it on level 7 of the Dungeon)

   It affects your intelligence (-4).
   It protects you from poison.
   It lets you turn invisible.
   It prevents most forms of teleportation.
 V - a +0 troll leather armour (worn)
Jewellery
 b - an uncursed ring of positive energy {unknown}
 n - a ring of magical power (right hand)
 w - a ring of magical power (left hand)
 B - an uncursed amulet of regeneration
 E - an amulet of rage (around neck)
Wands
 g - a wand of acid (8/15)
 q - a wand of confusion (28/48)
 H - a wand of lightning (5/15)
 O - a wand of confusion (11/48)
 X - a wand of acid (3/15)
Scrolls
 f - a scroll of enchant armour
 k - 2 scrolls of immolation
 m - a scroll of amnesia
 s - 5 scrolls of remove curse
 C - a scroll of fear {unknown}
 F - 2 scrolls of magic mapping
 L - 3 scrolls of identify
Potions
 h - 3 potions of degeneration {unknown}
 i - a potion of flight {unknown}
 l - a potion of cure mutation
 p - 2 potions of resistance {unknown}
 t - 4 potions of might
 u - 2 potions of haste
 v - a potion of lignification
 x - a potion of invisibility {unknown}
 z - 3 potions of curing
 A - 2 potions of heal wounds {unknown}
 D - 3 potions of brilliance {unknown}
 K - 2 potions of berserk rage {unknown}
 T - a potion of cancellation {unknown}
 W - a potion of agility
Books
 c - a book of Changes

   Spells                             Type                      Level
   a - Beastly Appendage              Transmutation                1
   b - Sticks to Snakes               Transmutation                2
   c - Spider Form                    Transmutation/Poison         3
   d - Ice Form                       Ice/Transmutation            4
   e - Blade Hands                    Transmutation                5
Comestibles
 d - 2 bread rations
 r - 4 meat rations
 J - 5 fruits
 S - 5 chunks of flesh
 U - a slice of pizza


   Skills:
 + Level 4.0 Fighting
 + Level 4.2 Dodging
 - Level 4.0 Stealth
 + Level 3.6 Shields
 * Level 9.3 Unarmed Combat
 + Level 4.2 Spellcasting
 + Level 6.2 Transmutations
 - Level 4.0 Ice Magic
 - Level 2.0 Poison Magic
 - Level 4.0 Evocations


You had 2 spell levels left.
You knew the following spells:

 Your Spells              Type           Power        Failure   Level  Hunger
a - Beastly Appendage     Tmut           ###...       1%          1    None
b - Sticks to Snakes      Tmut           ###.....     2%          2    ##.....
c - Spider Form           Tmut/Pois      ###.......   14%         3    ###....
d - Ice Form              Ice/Tmut       ###.....     28%         4    ####...
e - Blade Hands           Tmut           ###.......   54%         5    ######.


Dungeon Overview and Level Annotations

Branches:
Dungeon (9/15)             Temple (1/1) D:7
   Lair: D:8-11         Orc: D:9-12

Altars:
Ashenzari
Cheibriados
Dithmenos
Elyvilon
Fedhas
Gozag
Hepliaklqana
Kikubaaqudgha
Makhleb
Nemelex Xobeh
Okawaru
Qazlal
Ru
Sif Muna
Trog
Uskayaw
Vehumet
Xom
Yredelemnul
Zin
The Shining One

Shops:
D:5 %   D:7 [

Annotations:
D:9 Erica


Innate Abilities, Weirdness & Mutations

You have razor-sharp teeth.
Your natural rate of healing is unusually fast.
When hurt, damage is shared between your health and your magic reserves.
Your bite disrupts and absorbs the magic of your enemies.
Potions and wands cannot restore your health.
You are immune to rotting.
You have claws for feet.


Message History

Erica casts a spell at you. The orb of energy hits you!
* * * LOW HITPOINT WARNING * * *
The orb of energy explodes!
You take 18 damage, and have 6/49 hp.
MASSIVE DAMAGE!!
You now have 4/35 mp.
You hit Erica. You bite Erica!
Erica's magic leaks into the air.
You drain her magic.
You feel invigorated.
Erica is moderately wounded.
You feel sick. Erica gestures at you while chanting.
The bolt of poison hits you!
You are lethally poisoned!
* * * LOW HITPOINT WARNING * * *
Your ball python barely misses Erica.
Your ball python closely misses Erica.
You take 5 damage, and have 1/49 hp.
You now have 1/35 mp.
Your system rejects the healing.
You feel better.
Your transformation is almost over.
Erica hits you with a scimitar of flaming.
You die...
Your body rises from the dead as a mindless zombie.

#.###.##### ##.......# #.#
#.# #.....###..####''#####
#.###...#.##..)#≈≈≈..≈≈≈#.
##......[......#≈≈≈..≈≈≈#.
####...).....@#≈≈♣♣.♣≈≈#)
#..##.###..'@.♣.♣...'.
#.###.# #..'...♣.♣..'.
#.###@# #.##≈≈♣.♣♣≈≈##
#...S@# #.##≈≈≈..≈≈≈#.
#..#### #.##≈≈≈..≈≈≈##
###..######.#####''#####
#...........##.##..#
#.##.......##.....##
#.###.###........## #.#
#.##.#.#....##
#.###.#.##.##..#######.
#......###.###.........


You could see Erica and a friendly ball python.

Vanquished Creatures
  Pikel (D:8)
  A hill giant (D:6)
  3 trolls (D:9)
  A hippogriff (D:9)
  A wyvern (D:9)
  The ghost of dscm the Ducker, an amateur OpEE (D:4)
  An ice beast (D:6)
  A hornet zombie (D:7)
  An orc warrior (D:9)
  2 black bears
  3 ogres
  2 phantoms
  2 centaurs
  A crocodile (D:9)
  4 bullfrogs
  4 scorpions
  6 killer bees
  A bullfrog zombie (D:8)
  3 howler monkeys (D:9)
  2 crimson imps
  5 hounds
  A jelly (D:9)
  9 orc wizards
  3 orc priests
  3 bullfrog skeletons
  A centaur skeleton (D:4)
  Jessica (D:3)
  3 iguanas
  9 worker ants
  2 hound zombies (D:6)
  A worker ant zombie (D:5)
  9 gnolls
  11 adders
  3 shadow imps
  5 oozes
  An adder zombie (D:6)
  4 worms
  2 dart slugs
  4 leopard geckos
  35 orcs
  4 giant cockroaches
  14 goblins
  4 hobgoblins
  6 jackals
  10 kobolds
  6 quokkas
  2 ball pythons
  6 bats
  3 frilled lizards
  A jackal skeleton (D:6)
  2 jackal zombies
  2 quokka skeletons
  A quokka zombie (D:8)
  7 rats
221 creatures vanquished.

Vanquished Creatures (collateral kills)
  An ogre (D:4)
  A centaur (D:8)
  An adder (D:6)
3 creatures vanquished.

Vanquished Creatures (others)
  2 slaves (D:8)
  An orc priest (D:8)
  An orc wizard (D:8)
  3 orcs (D:8)
7 creatures vanquished.

Grand Total: 231 creatures vanquished

Notes
Turn   | Place    | Note
-------+----------+-------------------------------------------
     0 | D:1      | Haldmier the Vine Stalker Transmuter began the quest for the Orb.
     0 | D:1      | Reached XP level 1. HP: 9/9 MP: 4/4
    64 | D:1      | Reached XP level 2. HP: 9/14 MP: 4/6
   285 | D:1      | Learned a level 2 spell: Sticks to Snakes
   510 | D:1      | Reached XP level 3. HP: 17/17 MP: 7/7
  1318 | D:1      | Reached skill level 4 in Unarmed Combat
  1636 | D:2      | Found a faded altar of an unknown god.
  1780 | D:2      | Gained mutation: Your natural rate of healing is unusually fast. [Vine Stalker growth]
  1780 | D:2      | Reached XP level 4. HP: 20/21 MP: 8/8
  2307 | D:2      | Reached skill level 1 in Shields
  2430 | D:3      | Reached XP level 5. HP: 23/25 MP: 7/9
  2708 | D:3      | Reached skill level 5 in Unarmed Combat
  2961 | D:3      | Noticed Jessica
  2983 | D:3      | Killed Jessica
  2983 | D:3      | Reached XP level 6. HP: 29/29 MP: 10/10
  2997 | D:3      | Learned a level 3 spell: Spider Form
  3624 | D:4      | Reached skill level 1 in Evocations
  3669 | D:4      | Reached skill level 1 in Poison Magic
  3740 | D:4      | Reached XP level 7. HP: 32/32 MP: 11/11
  3998 | D:4      | Reached skill level 6 in Unarmed Combat
  4051 | D:4      | Got a slimy shield
  4085 | D:4      | Identified the cursed +0 shield of Mirth {rC+ Slay+2} (You found it on level 4 of the Dungeon)
  4183 | D:3      | Learned a level 4 spell: Ice Form
  4243 | D:4      | Noticed dscm's ghost (amateur OpEE)
  4284 | D:4      | Killed dscm's ghost
  4591 | D:5      | Entered Level 5 of the Dungeon
  4611 | D:5      | Reached skill level 1 in Fighting
  4684 | D:5      | Reached skill level 1 in Ice Magic
  4921 | D:5      | Gained mutation: You have razor-sharp teeth. [Vine Stalker growth]
  4921 | D:5      | Reached XP level 8. HP: 30/37 MP: 12/12
  5309 | D:5      | Found Popsouho's Food Boutique.
  5673 | D:6      | Reached skill level 7 in Unarmed Combat
  5930 | D:6      | Got a twisted quarterstaff
  5966 | D:6      | Reached skill level 1 in Stealth
  5966 | D:6      | Reached skill level 5 in Transmutations
  6154 | D:6      | Noticed a hill giant
  6326 | D:6      | Killed a hill giant
  6326 | D:6      | Reached XP level 9. HP: 43/43 MP: 13/13
  6587 | D:7      | Found a staircase to the Ecumenical Temple.
  6598 | Temple   | Entered the Ecumenical Temple
  6881 | Temple   | Became a worshipper of Yredelemnul the Dark
  6929 | Temple   | Identified the +8 quarterstaff "Hioluang" {vamp, Int+2} (You found it on level 6 of the Dungeon)
  7003 | D:7      | Found Ybuscheng's Antique Armour Emporium.
  7728 | D:7      | Got a fine ring mail
  7754 | D:7      | Identified the +2 ring mail of Trial and Error {-Tele +Inv rPois Int-4} (You found it on level 7 of the Dungeon)
  8054 | D:8      | Reached skill level 8 in Unarmed Combat
  8435 | D:8      | Noticed Pikel
  8469 | D:8      | Killed Pikel
  8469 | D:8      | Reached XP level 10. HP: 47/49 MP: 15/15
  8648 | D:8      | Found a sacrificial altar of Ru.
  8797 | D:8      | Reached * piety under Yredelemnul
  8935 | D:8      | Learned a level 5 spell: Blade Hands
  9261 | D:9      | Noticed Erica
  9462 | D:9      | Reached skill level 9 in Unarmed Combat
  9988 | D:9      | HP: 1/49 [Erica/bolt of poison (5)]
  9989 | D:9      | Slain by Erica

Skill      XL: |  1  2  3  4  5  6  7  8  9 10 |
---------------+-------------------------------+-----
Unarmed Combat | 4 5 6 7 8 9 |  9.3
Shields        | 1 2 3 |  3.6
Transmutations | 3 4 5 6 |  6.2
Evocations     | 1 2 3 4 |  4.0
Poison Magic   | 1 2 |  2.0
Fighting       | 1 2 3 4 |  4.0
Ice Magic      | 1 3 4 |  4.0
Dodging        | 3 4 |  4.2
Stealth        | 2 3 4 |  4.0
Spellcasting   | 3 4 |  4.2

Action                   |  1- 3 |  4- 6 |  7- 9 | 10-12 || total
-------------------------+-------+-------+-------+-------++-------
Melee: Unarmed           |    92 |   197 |   425 |   207 ||   921
       Bite              |    19 |    35 |    96 |    43 ||   193
       Kick              |     9 |    20 |    40 |    20 ||    89
       Headbutt          |     9 |    12 |    35 |     9 ||    65
Throw: Stone             |    12 |       |       |       ||    12
       Tomahawk          |       |    12 |     3 |       ||    15
 Cast: Beastly Appendage |    26 |    34 |    55 |    18 ||   133
       Sticks to Snakes  |       |     4 |    12 |     5 ||    21
       Spider Form       |       |       |     4 |     8 ||    12
 Abil: Evoke Berserk Rag |       |       |     2 |       ||     2
Evoke: Wand              |       |       |     4 |       ||     4
  Use: Scroll            |       |     5 |    11 |     1 ||    17
       Potion            |       |       |       |     3 ||     3
 Stab: Sleeping          |     2 |     2 |     4 |     1 ||     9
       Distracted        |       |       |     3 |     2 ||     5
  Eat: Chunk             |     3 |     8 |    17 |     7 ||    35
       Beef jerky        |       |       |     1 |       ||     1
Armor: Robe              |    18 |    24 |    32 |       ||    74
       Leather armour    |       |       |    13 |     3 ||    16
       Troll leather arm |       |       |       |     8 ||     8
       Skin              |       |       |       |     2 ||     2
Dodge: Dodged            |    31 |    80 |   172 |   104 ||   387
Block: Buckler           |    13 |    34 |   127 |    34 ||   208
